 Dungeon Crawl Stone Soup version 0.31-a0-210-gccc998df9b (webtiles) character file.

Game seed: 14072982116267183027

97 innerfire43 the Chopper (level 4, -5/37 HPs)
             Began as a Demonspawn Monk on June 29, 2023.
             Was a Priest of Nemelex Xobeh.
             Slain by a gnoll
             ... wielding a +0 flail
              (7 damage)
             ... on level 3 of the Dungeon.
             The game lasted 00:02:30 (2354 turns).

innerfire43 the Chopper (Demonspawn Monk)           Turns: 2354, Time: 00:02:31

Health: -5/37      AC:  5    Str: 13    XL:     4   Next: 42%
Magic:  4/4        EV: 13    Int: 12    God:    Nemelex Xobeh [***...]
Gold:   136        SH:  0    Dex: 15    Spells: 3/3 levels left

rFire   + . .        a - +0 hand axe
rCold   . . .        d - orb {light}
rNeg    . . .        b - +0 robe
rPois   .            (no helmet)
rElec   .            (no cloak)
rCorr   .            j - +0 pair of gloves
SInv    .            (no boots)
Will    .....        o - amulet of reflection
Stlth   +            r - ring of protection from fire
HPRegen 0.26/turn    s - ring of flight
MPRegen 0.09/turn

%: reflection
@: confused, ambrosia-drunk, flying, glowing
A: thin metallic scales 1
a: Renounce Religion, Draw Escape, Draw Destruction, Draw Summoning, Triple Draw


You were on level 3 of the Dungeon.
You worshipped Nemelex Xobeh.
Nemelex Xobeh was most pleased with you.
You visited 1 branch of the dungeon, and saw 3 of its levels.

You collected 136 gold pieces.

Inventory:

Hand Weapons
 a - a +0 hand axe (weapon)
 v - a +3 dagger
Armour
 b - a +0 robe (worn)
 d - an orb of light (worn)
 j - a +0 pair of gloves (worn)
Jewellery
 o - an amulet of reflection (around neck)
 r - a ring of protection from fire (left hand)
 s - a ring of flight (right hand)
 y - a +5 ring of evasion
Wands
 t - a wand of digging (3)
Scrolls
 e - 2 scrolls of teleportation {unknown}
 f - a scroll of poison {unknown}
 g - 6 scrolls of identify {unknown}
 l - a scroll of revelation {unknown}
 u - a scroll of silence {unknown}
 w - a scroll of enchant armour {unknown}
Potions
 c - a potion of ambrosia
 h - a potion of brilliance {unknown}
 i - a potion of invisibility {unknown}
 k - a potion of degeneration {unknown}
 m - a potion of attraction {unknown}
 n - a potion of resistance {unknown}
 p - a potion of lignification {unknown}
 q - a potion of cancellation {unknown}
 x - a potion of heal wounds {unknown}
 z - a potion of mutation {unknown}


   Skills:
 + Level 3.6 Fighting
 * Level 3.9 Axes
 + Level 3.3 Dodging


You had 3 spell levels left.
You didn't know any spells.
Your spell library was empty.

Dungeon Overview and Level Annotations

Branches:
Dungeon (3/15)

Altars:
Nemelex Xobeh

Shops:
D:3 ?!

Portals:
Sewer: D:3


Innate Abilities, Weirdness & Mutations

You are partially covered in thin metallic scales. (AC +2)


Message History

A gnoll comes into view. It is wielding a +0 spear.
There are monsters nearby!
The gnoll shouts!
There are monsters nearby!
You hit the gnoll.
The gnoll is moderately wounded.
The gnoll hits you with a +0 flail!
You hit the gnoll.
The gnoll is heavily wounded.
You hit the gnoll. The gnoll hits you but does no damage.
The gnoll hits you with a +0 flail.
There are monsters nearby!
You hit the gnoll.
You kill the gnoll!
You hit the gnoll. The gnoll barely misses you.
The gnoll hits you but does no damage.
You hit the gnoll.
The gnoll is moderately wounded.
The gnoll closely misses you. The gnoll barely misses you. x2
You block the gnoll's attack. The gnoll closely misses you.
The gnoll barely misses you.
You hit the gnoll but do no damage.
The gnoll is moderately wounded.
The gnoll hits you from afar with a +0 spear.
You block the gnoll's attack. The gnoll misses you.
Unknown command.
You hit the gnoll.
The gnoll is heavily wounded.
You block the gnoll's attack. The gnoll hits you with a +0 flail.
The gnoll hits you from afar with a +2 halberd of flaming!
* * * LOW HITPOINT WARNING * * *
The gnoll burns you.
* * * LOW HITPOINT WARNING * * *
You are confused.
You feel invigorated.
The gnoll hits you from afar with a +0 spear!
* * * LOW HITPOINT WARNING * * *
The gnoll hits you with a +0 flail!
You die...
Your body glows slightly brighter and disappears.

#......#.†~..#...#.#.......#
#........~~~.....#.#######.#
#......#..~..#...#.#######.#
#......##...##.###.......#.#
#.......##.##..# ###.#####.#
#..............# #.#..##.#
#..........##### #.....#.#
#..........### #....##.#
#..........@g# #....##.#
.....###.).# #...#.#.# .....
.gg..# #.#.###.# ....
.8...8.# #....##.. ###
.........# #.....###
#....⌠....# #....##
#.........# #...#.###
##.8...8.## #..#.##..
#.....##.


You could see 3 gnolls.

Vanquished Creatures
  A gnoll (D:3)
  2 adders
  5 orcs (D:3)
  8 bats
  3 endoplasms (D:2)
  5 giant cockroaches (D:3)
  7 hobgoblins
  4 jackals (D:1)
  4 kobolds
  6 quokkas
  4 ball pythons
  3 frilled lizards
  4 goblins
  5 rats
61 creatures vanquished.

Notes
Turn   | Place    | Note
-------+----------+-------------------------------------------
     0 | D:1      | innerfire43 the Demonspawn Monk began the quest for the
                  | Orb.
     0 | D:1      | Reached XP level 1. HP: 18/18 MP: 1/1
   369 | D:1      | Gained mutation: You are partially covered in thin metallic
                  | scales. (AC +2) [demonic ancestry]
   369 | D:1      | Reached XP level 2. HP: 20/24 MP: 2/2
  1222 | D:2      | Reached XP level 3. HP: 29/29 MP: 3/3
  1426 | D:2      | Found a faded altar of an unknown god.
  1494 | D:2      | Prayed at the altar of an unknown god.
  1494 | D:2      | Became a worshipper of Nemelex Xobeh the Trickster
  1494 | D:2      | Reached * piety under Nemelex Xobeh
  1494 | D:2      | Received a gift from Nemelex Xobeh
  1494 | D:2      | Reached ** piety under Nemelex Xobeh
  1672 | D:3      | Reached *** piety under Nemelex Xobeh
  1801 | D:3      | Found Tizepati's Distillery.
  1843 | D:3      | Found The Oracle's Delphic Readings.
  1899 | D:3      | Received a gift from Nemelex Xobeh
  1986 | D:3      | Found a glowing drain.
  1990 | D:3      | Reached XP level 4. HP: 34/35 MP: 4/4
  2354 | D:3      | Slain by a gnoll

Illustrated notes

Levels and vault maps discovered:
D:1:      ncdulo_smallfort, layout_basic
D:2:      layout_basic, dreamdust_ecumenical_altar_hidden_monk_grotto,
          minmay_distorted
D:3:      layout_basic, serial_shops, nicolae_shop_peninsula,
          nicolae_shop_competitors_out_of_business, portal_sewer_entry_f,
          minmay_misc_feat_rugged, wad_floor_pattern_untrapped,
          amcnicky_mini_pool_small, nicolae_nh_oracle_at_delphi

Skill      XL: |  1  2 |
---------------+-------+-----
Axes           | 3 |  3.9
Dodging        | 3 |  3.3
Fighting       | |  3.6

Action                     |  1- 3 |  4- 6 || total
---------------------------+-------+-------++-------
  Melee: Hand axe          |   113 |    43 ||   156
    Use: Potion            |       |     1 ||     1
 Armour: Robe              |    30 |     9 ||    39
  Dodge: Dodged            |    93 |    19 ||   112
  Block: Orb               |    27 |    13 ||    40
         Reflection        |     2 |       ||     2

Table legend: (Time is in decaauts)
 A = Elapsed time spent in this place.
 B = Non-inter-level travel time spent in this place.
 C = Inter-level travel time spent in this place.
 D = Time resting spent in this place.
 E = Time spent auto-exploring this place.
 F = Levels seen in this place.
 G = Mean time per level.
                   A        B        C        D        E       F      G
               +--------+--------+--------+--------+--------+-----+--------+
         Total |   2373 |   2202 |    171 |      0 |   1791 |   3 |  791.0 |
       Dungeon |   2373 |   2202 |    171 |      0 |   1791 |   3 |  791.0 |
               +--------+--------+--------+--------+--------+-----+--------+

Top non-repeatable levels by time:
     D:1: 1113 daAuts
     D:3: 689 daAuts
     D:2: 570 daAuts
